 Dungeon Crawl Stone Soup version 0.23-a0-274-g77505739ee (webtiles) character file.

1299 Henning the Shield-Bearer (level 8, -3/67 HPs)
             Began as a Gnoll Fighter on Oct 2, 2018.
             Was a Believer of Okawaru.
             Slain by a mummy (7 damage)
             ... on level 5 of the Dungeon.
             The game lasted 00:18:29 (6244 turns).

Henning the Shield-Bearer (Gnoll Fighter)           Turns: 6244, Time: 00:18:30

Health: -3/67      AC: 14    Str: 21    XL:     8   Next: 56%
Magic:  10/12      EV: 13    Int: 13    God:    Okawaru [**....]
Gold:   311        SH: 13    Dex: 18    Spells: 13/13 levels left

rFire    . . .     SeeInvis .   a - +0 flail
rCold    . . .     Gourm    +   c - +0 shield
rNeg     . . .     Faith    .   t - +0 chain mail
rPois    +         Spirit   .   (no helmet)
rElec    .         Reflect  .   r - +0 cloak
rCorr    .         Harm     .   (no gloves)
MR       .....                  (no boots)
Stlth    +.........             j - amulet of the gourmand
HPRegen  0.21/turn              v - +1 ring of slaying
MPRegen  0.13/turn              q - ring of poison resistance

@: about to teleport, heroism
A: distributed training, fangs 1, agile 1, blurry vision 1, clever 1, strong 1,
strong nose
a: Heroism, Renounce Religion


You were on level 5 of the Dungeon.
You worshipped Okawaru.
Okawaru was pleased with you.
You were completely stuffed.

You visited 1 branch of the dungeon, and saw 5 of its levels.

You collected 311 gold pieces.

Inventory:

Hand Weapons
 a - a +0 flail (weapon)
Armour
 b - a +0 scale mail
 c - a +0 shield (worn)
 r - a +0 cloak (worn)
 t - a +0 chain mail (worn)
Jewellery
 j - an amulet of the gourmand (around neck)
 q - a ring of poison resistance (right hand)
 v - a +1 ring of slaying (left hand)
 w - an uncursed ring of flight
Scrolls
 e - a scroll of teleportation
 i - 3 scrolls of fog
 n - a scroll of magic mapping
 p - a scroll of blinking
Potions
 d - 2 potions of might
 g - a potion of flight
 h - 3 potions of curing
 k - 2 potions of lignification
 l - a potion of haste
 m - 2 potions of agility
 s - 2 potions of mutation
 u - a potion of ambrosia {unknown}
Comestibles
 f - 9 rations


   Skills:
 + Level 7.4(12.4) Fighting
 + Level 3.3(8.3) Short Blades
 + Level 3.3(8.3) Long Blades
 + Level 3.3(8.3) Axes
 + Level 5.7(10.7) Maces & Flails
 + Level 3.3(8.3) Polearms
 + Level 3.3(8.3) Staves
 + Level 3.3(8.3) Slings
 + Level 3.3(8.3) Bows
 + Level 3.3(8.3) Crossbows
 + Level 3.3(8.3) Throwing
 + Level 7.4(12.4) Armour
 + Level 3.3(8.3) Dodging
 + Level 3.3(8.3) Stealth
 + Level 7.4(12.4) Shields
 + Level 3.3(8.3) Unarmed Combat
 + Level 3.3 Spellcasting
 + Level 2.7 Conjurations
 + Level 2.7 Hexes
 + Level 2.7 Charms
 + Level 2.7 Summonings
 + Level 2.7 Necromancy
 + Level 2.7 Translocations
 + Level 2.7 Transmutations
 + Level 2.7 Fire Magic
 + Level 2.7 Ice Magic
 + Level 2.7 Air Magic
 + Level 2.7 Earth Magic
 + Level 2.7 Poison Magic
 + Level 3.6 Invocations
 + Level 3.3 Evocations


You had 13 spell levels left.
You didn't know any spells.
Your spell library was empty.

Dungeon Overview and Level Annotations

Branches:
Dungeon (5/15)             Temple (0/1) D:5

Altars:
Dithmenos
Fedhas
Gozag
Hepliaklqana
Kikubaaqudgha
Okawaru
Sif Muna
Yredelemnul

Shops:
D:4 (%

Annotations:
D:5 1 transporter, Menkaure


Innate Abilities, Weirdness & Mutations

Your experience applies equally to all skills.
You have very sharp teeth.
Your uncanny sense of smell can sniff out nearby items.
You are agile. (Dex +2)
Scrolls take you a little longer to read.
Your mind is acute. (Int +2)
Your muscles are strong. (Str +2)


Message History

You block the giant cockroach zombie's attack.
Menkaure calls on the powers of darkness!
Your body is wracked with pain!
* * * LOW HITPOINT WARNING * * *
Really read with blurry vision while enemies are nearby?
Something hits you.
* * * LOW HITPOINT WARNING * * *
Something barely misses you.
You begin reading the scroll.
You continue reading the scroll.
The necrophage hits you.
* * * LOW HITPOINT WARNING * * *
You block the giant cockroach zombie's attack.
Something hits you but does no damage. Something bites you.
* * * LOW HITPOINT WARNING * * *
Something draws strength from your injuries!
As you read the scroll of teleportation, it crumbles to dust.
You feel strangely unstable.
Okay, then.
The mummy hits you!
You die...

#...........................#...#
#..........#############....#...#
#....##.##.#Mn........©#....#...#
#....##.##.#(..........#....#...#
...........#$.###.###..#....###'#
...........#_.#8#.#8#..#.........
...........#:..........#.........
..........©#⌠...MZ{MW..#©........
.....##.o..#%...@n.....#.........
#######....#_.#8#.#8#..#.........
.....##....#$.###.###..#.........
........e..#Z..........#....#####
...........#...........#....#...#
...........#############.#+##...#
............................#...#
#######...............#.....#...#
......##########......+.....'...#


You could see a phantom, a necrophage, Menkaure, a mummy and a giant cockroach
zombie.

Vanquished Creatures
  Grinder (D:5)
  Duvessa (D:4)
  An eye of draining (D:4)
  A phantom (D:5)
  2 ogres (D:5)
  Dowan (D:4)
  A scorpion (D:5)
  A howler monkey (D:4)
  3 hounds
  3 orc priests
  Terence (D:2)
  Natasha (thrice) (D:3)
  3 worker ants
  A killer bee zombie (D:5)
  A hound zombie (D:4)
  5 adders
  An ooze (D:1)
  An adder skeleton (D:5)
  3 leopard geckos
  13 orcs
  A bat (D:3)
  3 giant cockroaches
  16 goblins
  6 hobgoblins
  4 jackals
  A ball python (D:4)
  3 frilled lizards
  5 kobolds (D:2)
  2 rats
88 creatures vanquished.

Notes
Turn   | Place    | Note
-------+----------+-------------------------------------------
     0 | D:1      | Henning the Gnoll Fighter began the quest for the Orb.
     0 | D:1      | Reached XP level 1. HP: 23/23 MP: 1/1
   270 | D:1      | Reached XP level 2. HP: 29/29 MP: 2/2
   653 | D:2      | Reached XP level 3. HP: 34/35 MP: 3/3
   661 | D:2      | Found an iron altar of Okawaru.
   675 | D:2      | Became a worshipper of Warmaster Okawaru
   776 | D:2      | Noticed Terence
   786 | D:2      | Killed Terence
   786 | D:2      | Reached skill level 1 in Short Blades
   786 | D:2      | Reached skill level 1 in Long Blades
   786 | D:2      | Reached skill level 1 in Axes
   786 | D:2      | Reached skill level 1 in Polearms
   786 | D:2      | Reached skill level 1 in Staves
   786 | D:2      | Reached skill level 1 in Slings
   786 | D:2      | Reached skill level 1 in Bows
   786 | D:2      | Reached skill level 1 in Crossbows
   786 | D:2      | Reached skill level 1 in Throwing
   786 | D:2      | Reached skill level 1 in Dodging
   786 | D:2      | Reached skill level 1 in Stealth
   786 | D:2      | Reached skill level 1 in Unarmed Combat
   786 | D:2      | Reached skill level 1 in Spellcasting
   786 | D:2      | Reached skill level 1 in Invocations
   786 | D:2      | Reached skill level 1 in Evocations
   835 | D:2      | You fall through a shaft for 2 floors!
   848 | D:4      | Reached XP level 4. HP: 38/41 MP: 5/5
   896 | D:4      | Reached skill level 1 in Conjurations
   896 | D:4      | Reached skill level 1 in Hexes
   896 | D:4      | Reached skill level 1 in Charms
   896 | D:4      | Reached skill level 1 in Summonings
   896 | D:4      | Reached skill level 1 in Necromancy
   896 | D:4      | Reached skill level 1 in Translocations
   896 | D:4      | Reached skill level 1 in Transmutations
   896 | D:4      | Reached skill level 1 in Fire Magic
   896 | D:4      | Reached skill level 1 in Ice Magic
   896 | D:4      | Reached skill level 1 in Air Magic
   896 | D:4      | Reached skill level 1 in Earth Magic
   896 | D:4      | Reached skill level 1 in Poison Magic
  1311 | D:4      | Reached XP level 5. HP: 27/47 MP: 6/6
  2465 | D:3      | Noticed Natasha
  2471 | D:3      | Killed Natasha
  2496 | D:3      | Found an opulent altar of Gozag.
  2692 | D:3      | Found an opulent altar of Gozag.
  3224 | D:3      | Noticed Natasha
  3231 | D:3      | Killed Natasha
  3406 | D:3      | Found an opulent altar of Gozag.
  3577 | D:3      | Noticed Natasha
  3591 | D:3      | Killed Natasha
  3591 | D:3      | Reached XP level 6. HP: 42/53 MP: 8/8
  3985 | D:4      | Reached skill level 5 in Maces & Flails
  4051 | D:4      | Noticed an eye of draining
  4095 | D:4      | Killed an eye of draining
  4095 | D:4      | Reached * piety under Okawaru
  4095 | D:4      | Reached XP level 7. HP: 49/59 MP: 1/10
  4182 | D:4      | Found Goowkag's Food Emporium.
  4390 | D:4      | Found Giromes's Weapon Boutique.
  4519 | D:5      | Entered Level 5 of the Dungeon
  4559 | D:5      | Gained mutation: Your muscles are strong. (Str +2) [potion
                  | of mutation]
  4559 | D:5      | Gained mutation: Scrolls take you a little longer to read.
                  | [potion of mutation]
  4559 | D:5      | Gained mutation: Your mind is acute. (Int +2) [potion of
                  | mutation]
  4559 | D:5      | Gained mutation: You are agile. (Dex +2) [potion of
                  | mutation]
  4560 | D:5      | Found an ancient bone altar of Kikubaaqudgha.
  4564 | D:5      | Found a basalt altar of Yredelemnul.
  4565 | D:5      | Noticed Menkaure
  4877 | D:5      | Found a staircase to the Ecumenical Temple.
  4905 | D:5      | Found a hazy altar of Hepliaklqana.
  4905 | D:5      | Found a deep blue altar of Sif Muna.
  4910 | D:5      | Found a shadowy altar of Dithmenos.
  4912 | D:5      | Found a faded altar of an unknown god.
  4914 | D:5      | Found a faded altar of an unknown god.
  5032 | D:5      | Found a transporter.
  5032 | D:5      | Noticed a vampire
  5037 | D:5      | Found a transporter.
  5082 | D:5      | Noticed Duvessa
  5082 | D:5      | Noticed Dowan
  5497 | D:4      | Killed Duvessa
  5497 | D:4      | Reached ** piety under Okawaru
  5513 | D:4      | HP: 1/60 [Dowan/stone arrow (13)]
  5519 | D:4      | Killed Dowan
  5519 | D:4      | Reached XP level 8. HP: 19/67 MP: 12/12
  5811 | D:5      | Found a blossoming altar of Fedhas.
  5812 | D:5      | Noticed Grinder
  5826 | D:5      | Killed Grinder
  6244 | D:5      | Slain by a mummy

Vault maps used:
D:1:      scummos_arrival_hexagon, lemuel_another_geyser
D:2:      okawaru_trees_2, uniq_terence
D:3:      overflow_temple_1_default, first_ration, uniq_natasha, uniq_robin
D:4:      serial_shops, shop_coins, nicolae_shop_trees
D:5:      fedhas_altar_2, gammafunk_temple_of_torment,
          chequers_temple_overflow_minitemple, temple_statues, uniq_duvessa,
          uniq_grinder

Skill      XL: |  1  2  3  4  5  6  7  8 |
---------------+-------------------------+-----
Short Blades   | 1 2 3 |  3.3
Long Blades    | 1 2 3 |  3.3
Axes           | 1 2 3 |  3.3
Polearms       | 1 2 3 |  3.3
Staves         | 1 2 3 |  3.3
Slings         | 1 2 3 |  3.3
Bows           | 1 2 3 |  3.3
Crossbows      | 1 2 3 |  3.3
Throwing       | 1 2 3 |  3.3
Dodging        | 1 2 3 |  3.3
Stealth        | 1 2 3 |  3.3
Unarmed Combat | 1 2 3 |  3.3
Spellcasting   | 1 2 3 |  3.3
Invocations    | 1 2 3 |  3.6
Evocations     | 1 2 3 |  3.3
Conjurations   | 1 2 |  2.7
Hexes          | 1 2 |  2.7
Charms         | 1 2 |  2.7
Summonings     | 1 2 |  2.7
Necromancy     | 1 2 |  2.7
Translocations | 1 2 |  2.7
Transmutations | 1 2 |  2.7
Fire Magic     | 1 2 |  2.7
Ice Magic      | 1 2 |  2.7
Air Magic      | 1 2 |  2.7
Earth Magic    | 1 2 |  2.7
Poison Magic   | 1 2 |  2.7
Maces & Flails | 5 |  5.7
Fighting       | 7 |  7.4
Armour         | 7 |  7.4
Shields        | 7 |  7.4

Action                   |  1- 3 |  4- 6 |  7- 9 || total
-------------------------+-------+-------+-------++-------
Melee: Flail             |    67 |   167 |   166 ||   400
       Bite              |     7 |    21 |    25 ||    53
Invok: Heroism           |       |       |     1 ||     1
  Use: Scroll            |       |       |    14 ||    14
       Potion            |       |       |     3 ||     3
  Eat: Chunk             |     9 |    13 |     7 ||    29
Armor: Scale mail        |    21 |    25 |       ||    46
       Chain mail        |       |    65 |    69 ||   134
Dodge: Dodged            |    27 |    63 |    44 ||   134
Block: Shield            |    34 |   112 |   105 ||   251

Table legend:
 A = Non-vault XP
 B = Vault XP
 C = Vault XP percentage of total XP
 D = Non-vault monster count
 E = Vault monster count
 F = Vault count percentage of total count
                 A         B        C        D         E       F
            +---------+---------+-------+---------+---------+-------
      Total |    1253 |     603 |  32.5 |      72 |      16 |  18.2
            +---------+---------+-------+---------+---------+-------
        D:1 |      16 |       0 |   0.0 |       6 |       0 |   0.0
        D:2 |      33 |      38 |  53.5 |      13 |       1 |   7.1
        D:3 |     156 |      47 |  23.2 |      16 |       6 |  27.3
        D:4 |     466 |     237 |  33.7 |      19 |       8 |  29.6
        D:5 |     582 |     281 |  32.6 |      18 |       1 |   5.3
            +---------+---------+-------+---------+---------+-------
